 Dungeon Crawl Stone Soup version 0.29.0-13-gc9e81de378 (webtiles) character file.

Game seed: 1153784299843565989

326 Artool the Cudgeller (level 6, -2/48 HPs)
             Began as a Demonspawn Gladiator on Sept 7, 2022.
             Slain by an iguana (9 damage)
             ... on level 4 of the Dungeon.
             The game lasted 00:13:31 (4278 turns).

Artool the Cudgeller (Demonspawn Gladiator)         Turns: 4278, Time: 00:13:32

Health: -2/48      AC: 15    Str: 16    XL:     6   Next: 24%
Magic:  6/6        EV: 13    Int: 10    God:
Gold:   254        SH:  0    Dex: 14    Spells: 5/5 levels left

rFire   . . .      SeeInvis .   n - +0 whip
rCold   . . .      Faith    .   (no shield)
rNeg    . . .      Spirit   .   b - +0 leather armour
rPois   .          Reflect  .   c - +0 helmet
rElec   .          Harm     .   g - +0 cloak
rCorr   .          Rampage  .   (no gloves)
Will    .....                   y - +2 pair of boots
Stlth   +.........              (no amulet)
HPRegen 0.16/turn               p - +4 ring of protection
MPRegen 0.10/turn               (no ring)

@: no status effects
A: hooves 1, thin metallic scales 2
a: no special abilities


You were on level 4 of the Dungeon.
You visited 1 branch of the dungeon, and saw 5 of its levels.

You collected 254 gold pieces.

Inventory:

Hand Weapons
 l - a +2 dagger of speed
 n - a +0 whip (weapon)
Missiles
 d - 3 throwing nets
 e - 7 javelins
 u - 24 poisoned darts (quivered)
Armour
 b - a +0 leather armour (worn)
 c - a +0 helmet (worn)
 g - a +0 cloak (worn)
 y - a +2 pair of boots (worn)
Jewellery
 j - a ring of positive energy
 p - a +4 ring of protection (left hand)
Wands
 x - a wand of polymorph (6)
Scrolls
 a - a scroll of vulnerability {unknown}
 k - a scroll of silence {unknown}
 m - 2 scrolls of teleportation {unknown}
 q - 3 scrolls of poison {unknown}
 r - 3 scrolls of identify {unknown}
 t - a scroll of enchant weapon {unknown}
 v - a scroll of noise {unknown}
 w - 2 scrolls of blinking {unknown}
Potions
 f - 2 potions of flight {unknown}
 h - a potion of berserk rage {unknown}
 i - 4 potions of mutation {unknown}
 o - a potion of invisibility {unknown}
 s - 4 potions of curing {unknown}


   Skills:
 + Level 3.7 Fighting
 + Level 4.0 Maces & Flails
 - Level 2.0 Throwing
 + Level 2.5 Armour
 + Level 3.9 Dodging


You had 5 spell levels left.
You didn't know any spells.
Your spell library contained the following spells:

 Spells                   Type           Power      Damage    Failure   Level
 Sandblast                Erth           0%         2d4       41%         1
 Passwall                 Tmut/Erth      0%         N/A       56%         2
 Stone Arrow              Conj/Erth      0%         3d7       80%         3
 Fulminant Prism          Conj/Hex       0%         3d6       99%         4
 Iskenderun's Mystic Bla  Conj/Tloc      0%         2d3       99%         4
 Lee's Rapid Deconstruct  Erth           0%         3d5*      100%        5


Dungeon Overview and Level Annotations

Branches:
Dungeon (5/15)
 Temple: D:4-7

Altars:
Kikubaaqudgha
Trog
Xom


Innate Abilities, Weirdness & Mutations

You have large cloven feet.
You are mostly covered in thin metallic scales. (AC +3)


Message History

You hit the jelly.
Your hands burn!
The jelly is lightly wounded.
You hit the jelly.
Your hands burn!
The jelly is moderately wounded.
The jelly barely misses you.
You hit the jelly.
Your hands burn!
The jelly is heavily wounded.
The jelly closely misses you.
You hit the jelly. The acid corrodes you!
Your hands burn!
The jelly is almost dead.
The jelly closely misses you. The iguana bites you!
You hit the jelly.
You kill the jelly!
The iguana closely misses you.
Your Maces & Flails skill increases to level 4!
You hit the iguana but do no damage. The iguana closely misses you.
You hit the iguana but do no damage. The iguana bites you.
You hit the iguana but do no damage. The iguana closely misses you.
You barely miss the iguana. The iguana bites you.
You barely miss the iguana. The iguana bites you.
You barely miss the iguana. You hit the iguana but do no damage.
The iguana completely misses you.
You barely miss the iguana. The iguana misses you.
You hit the iguana but do no damage. The iguana bites you!
* * * LOW HITPOINT WARNING * * *
You hit the iguana but do no damage. The iguana completely misses you.
You hit the iguana but do no damage. The iguana closely misses you.
The iguana bites you but does no damage.
The iguana attacks as you move away!
The iguana bites you but does no damage.
There is a stone staircase leading up here.
The iguana bites you.
* * * LOW HITPOINT WARNING * * *
You climb upwards.
You are no longer corroded.
There is a stone staircase leading down here.
You are too injured to fight recklessly!
You hit the iguana but do no damage. The iguana barely misses you.
You hit the iguana but do no damage. The iguana bites you!
You die...

.....).#######.....##.....##...#
########....####'#####'#####...#
#...................#......#...#
....................#......#...#
#.....##'#####....[##.....##...#
#######...(..#.....##.....##...#
#......#..(.........#....#
#......#............#....#
#......#.l@.........#....#
#......#.....##.....##...#
#######......#########...#
#.#######..........#
#.......#.........)#
#.......+.....###'###
#.......#####'#......
#####................####
#....#######...[.....# ##


You could see an iguana.

Vanquished Creatures
  2 vampire bats (D:4)
  2 jellies
  An iguana (D:4)
  Terence (D:3)
  3 adders
  2 worms
  2 dart slugs
  An orc (D:3)
  7 ball pythons
  9 bats
  3 bat skeletons (D:4)
  3 bat zombies (D:4)
  10 endoplasms
  3 giant cockroaches
  9 hobgoblins
  6 jackals
  9 kobolds
  5 quokkas
  6 frilled lizards
  9 goblins
  3 rats
96 creatures vanquished.

Vanquished Creatures (others)
  An angel (D:3)
1 creature vanquished.

Grand Total: 97 creatures vanquished

Notes
Turn   | Place    | Note
-------+----------+-------------------------------------------
     0 | D:1      | Artool the Demonspawn Gladiator began the quest for the
                  | Orb.
     0 | D:1      | Reached XP level 1. HP: 16/16 MP: 1/1
   261 | D:1      | Gained mutation: You are partially covered in thin metallic
                  | scales. (AC +2) [demonic ancestry]
   261 | D:1      | Reached XP level 2. HP: 20/22 MP: 2/2
   614 | D:1      | Reached skill level 3 in Maces & Flails
   694 | D:1      | Reached XP level 3. HP: 20/28 MP: 3/3
   799 | D:1      | Found a faded altar of an unknown god.
   891 | D:1      | Reached skill level 1 in Armour
  1305 | D:2      | You fall into a shaft and drop 2 floors!
  1410 | D:3      | Killed an angel
  1669 | D:3      | Noticed Terence
  1691 | D:3      | Killed Terence
  1692 | D:3      | Gained mutation: You are mostly covered in thin metallic
                  | scales. (AC +3) [demonic ancestry]
  1692 | D:3      | Reached XP level 4. HP: 4/34 MP: 4/4
  2061 | D:3      | Found a shimmering altar of Xom.
  2982 | D:2      | Gained mutation: You have large cloven feet. [demonic
                  | ancestry]
  2982 | D:2      | Reached XP level 5. HP: 39/41 MP: 5/5
  3829 | D:4      | Found an ancient bone altar of Kikubaaqudgha.
  3925 | D:4      | Reached XP level 6. HP: 42/47 MP: 6/6
  4254 | D:5      | Entered Level 5 of the Dungeon
  4254 | D:5      | Found a bloodstained altar of Trog.
  4262 | D:5      | Reached skill level 4 in Maces & Flails
  4278 | D:4      | Slain by an iguana

Illustrated notes

Levels and vault maps discovered:
D:1:      roderic_crop_circles_arrival_small, layout_basic,
          shapermc_ecumenical_altar_acropolis
D:2:      minmay_thinvault, layout_basic
D:3:      minmay_chambers_of_twos, layout_loops_cross,
          grunt_temple_overflow_order_and_chaos_1,
          mainiacjoe_overflow_cross_hatched, uniq_terence
D:4:      layout_gridville, kennysheep_vampire_church
D:5:      layout_basic, marbit_many_paths, mainiacjoe_overflow_small_starburst

Skill      XL: |  1  2  3  4  5  6 |
---------------+-------------------+-----
Throwing       | 2 |  2.0
Maces & Flails | 3 4 |  4.0
Armour         | 1 2 |  2.5
Dodging        | 3 |  3.9
Fighting       | 3 |  3.7

Action                   |  1- 3 |  4- 6 || total
-------------------------+-------+-------++-------
Melee: Flail             |    27 |       ||    27
       Dagger            |   119 |   246 ||   365
       Punch             |     2 |     5 ||     7
       Whip              |       |    41 ||    41
 Stab: Sleeping          |       |     1 ||     1
Armor: Leather armour    |    37 |   134 ||   171
Dodge: Dodged            |    66 |   202 ||   268
